 Dungeon Crawl Stone Soup version 0.23.2-1-ga50397a (webtiles) character file.

Game seed: 11282160375468163919

18 myga the Grave Robber (level 2, -12/20 HPs)
             Began as a Ghoul Necromancer on May 6, 2019.
             Mangled by an orc warrior
             ... wielding a +0 short sword
              (20 damage)
             ... on level 2 of the Dungeon.
             The game lasted 00:04:29 (545 turns).

myga the Grave Robber (Ghoul Necromancer)            Turns: 545, Time: 00:04:30

Health: -12/20     AC:  2    Str: 11    XL:     2   Next: 70%
Magic:  3/4        EV: 12    Int: 10    God:
Gold:   47         SH:  0    Dex:  9    Spells: 3/5 levels left

rFire    . . .     SeeInvis .   (no weapon)
rCold    + + .     Gourm    .   (no shield)
rNeg     + + +     Faith    .   a - +0 robe
rPois    ∞         Spirit   .   (no helmet)
rElec    .         Reflect  .   (no cloak)
rCorr    .         Harm     .   (no gloves)
MR       .....                  (no boots)
Stlth    ++........             (no amulet)
HPRegen  0.00/turn              p - ring of protection from cold
MPRegen  0.09/turn              (no ring)

@: rotting
A: rotting body, claws 1, carnivore, cold resistance 1, negative energy
resistance 3, inhibited regeneration, torment resistance, unbreathing
a: no special abilities


You were on level 2 of the Dungeon.
You were not hungry.

You visited 1 branch of the dungeon, and saw 2 of its levels.

You collected 47 gold pieces.

Inventory:

Hand Weapons
 i - a +0 hunting sling
Missiles
 d - 50 stones (quivered)
 e - 13 bolts
 h - 24 sling bullets
Armour
 a - a +0 robe (worn)
Jewellery
 p - a ring of protection from cold (left claw)
Scrolls
 j - a scroll of remove curse {unknown}
 m - a scroll of fear {unknown}
 n - a scroll of fog
 o - a scroll of amnesia {unknown}
Potions
 b - a potion of agility {unknown}
 g - a potion of heal wounds {unknown}
 k - a potion of curing {unknown}
 l - a potion of haste {unknown}
Comestibles
 c - 4 rations
 f - a chunk of flesh


   Skills:
 + Level 0.1 Fighting
 + Level 1.9 Dodging
 + Level 2.4 Stealth
 + Level 2.0 Spellcasting
 + Level 4.3 Necromancy


You had 3 spell levels left.
You knew the following spells:

 Your Spells              Type           Power        Failure   Level  Hunger
a - Pain                  Necr           #...         5%          1    ##.....
b - Animate Skeleton      Necr           N/A          5%          1    ##.....

Your spell library contained the following spells:

 Spells                   Type           Power        Failure   Level  Hunger
 Vampiric Draining        Necr           #.........   16%         3    ####...
 Regeneration             Chrm/Necr      #.........   36%         3    ####...
 Animate Dead             Necr           N/A          45%         4    #####..


Dungeon Overview and Level Annotations

Branches:
Dungeon (2/15)

Altars:


Innate Abilities, Weirdness & Mutations

Your body is rotting away.
You thrive on raw meat.
You are immune to poison.
You have sharp fingernails.
You are carnivorous and can eat meat at any time.
Your flesh is cold resistant. (rC+)
You are immune to negative energy. (rN+++)
You do not regenerate when monsters are visible.
You are immune to unholy pain and torment.
You can survive without breathing.


Message History

The orc warrior shouts!
Casting: Animate Skeleton (safe; 5% risk of failure)
Confirm with . or Enter, or press ? or * to list all spells.
Aiming: Pain (safe; 5% risk of failure)
Press: ? - help, Shift-Dir - straight line, f - orc priest
Aim: an orc priest, wielding a +0 mace and wearing a +0 chain mail (chance to defeat MR: 60%)
The orc priest writhes in agony.
A bat comes into view.
The orc priest closely misses you.
Casting: Pain (safe; 5% risk of failure)
Confirm with . or Enter, or press ? or * to list all spells.
Aiming: Pain (safe; 5% risk of failure)
Press: ? - help, Shift-Dir - straight line, f/p - orc priest
Aim: an orc priest, wielding a +0 mace and wearing a +0 chain mail (moderately wounded, chance to defeat MR: 60%)
The orc priest writhes in agony.
The orc warrior barely misses you.
There is a stone staircase leading up here.
The orc warrior hits you with a +0 short sword!!
Ouch! That really hurt!
You die...

###...o....#..
#.##...#.#.b
#..........#
######..#.#.#.#.#
.......o#...#.# #
#####...#...# #
.....<.o#.#.#
#####..o#.#.#
.......@#.#.#
#######.#.#.#
............#
#############


You could see an orc warrior, an orc priest and an orc.

Vanquished Creatures
  A leopard gecko (D:1)
  A giant cockroach (D:1)
  A goblin (D:1)
  4 hobgoblins (D:1)
  2 ball pythons (D:1)
  2 frilled lizards (D:1)
  2 rats (D:1)
13 creatures vanquished.

Vanquished Creatures (collateral kills)
  A leopard gecko (D:1)
  A goblin (D:1)
  A hobgoblin (D:1)
  A rat (D:1)
4 creatures vanquished.

Grand Total: 17 creatures vanquished

Notes
Turn   | Place    | Note
-------+----------+-------------------------------------------
     0 | D:1      | myga the Ghoul Necromancer began the quest for the Orb.
     0 | D:1      | Reached XP level 1. HP: 14/14 MP: 2/2
     2 | D:1      | Learned a level 1 spell: Animate Skeleton
   153 | D:1      | Reached XP level 2. HP: 18/20 MP: 3/3
   530 | D:2      | Noticed an orc warrior
   545 | D:2      | Mangled by an orc warrior

Skill      XL: |  1  2 |
---------------+-------+-----
Spellcasting   | 2 |  2.0
Fighting       | |  0.1
Dodging        | |  1.9
Stealth        | |  2.4
Necromancy     | |  4.3

Action                   || total
-------------------------++-------
Melee: Unarmed           ||    35
Throw: Stone             ||     8
 Cast: Pain              ||    14
       Animate Skeleton  ||     7
  Use: Scroll            ||     1
 Stab: Sleeping          ||     2
Armor: Robe              ||     3
Dodge: Dodged            ||    26
